 Dungeon Crawl Stone Soup version 0.32-a0-995-gb4a59205af (webtiles) character file.

Game seed: 11036391645274329766

3511 Bediveer the Skirmisher (level 10, -6/66 HPs)
             Began as an Octopode Hunter on Apr 22, 2024.
             Was an Initiate of Gozag.
             Mangled by a killer bee (9 damage)
             ... on level 9 of the Dungeon.
             The game lasted 00:14:26 (9871 turns).

Bediveer the Skirmisher (Octopode Hunter)           Turns: 9871, Time: 00:14:27

Health: -6/66      AC:  1    Str: 11    XL:     10   Next: 8%
Magic:  10/10      EV: 15    Int: 17    God:    Gozag
Gold:   737        SH:  0    Dex: 20    Spells: 9/9 levels left

rFire   . . .        a - +1 shortbow (flame)
rCold   . . .        (shield currently unavailable)
rNeg    . . .        (helmet restricted)
rPois   .            (no amulet)
rElec   .            u - +6 ring of intelligence
rCorr   .            (no ring)
SInv    .            (no ring)
Will    .....        (no ring)
Stlth   ++++         (no ring)
HPRegen 0.31/turn    (no ring)
MPRegen 0.12/turn    (no ring)
                     (no ring)

%: no passive effects
@: lethally poisoned (-6 -> -15), about to teleport
A: almost no armour, amphibious, 8 rings, camouflage 1, gelatinous body 1,
(nimble swimmer 1), tentacles
a: Renounce Religion, Potion Petition, Call Merchant, Bribe Branch


You were on level 9 of the Dungeon.
You worshipped Gozag.
Gozag was pleased with you.
You visited 2 branches of the dungeon, and saw 10 of its levels.
You also visited: Bailey.

You collected 875 gold pieces.
You paid 138 gold pieces to Gozag.

Inventory:

Hand Weapons
 a - a +1 shortbow of flaming (weapon)
 w - a +0 orcbow
Jewellery
 u - a +6 ring of intelligence (left tentacle)
Wands
 m - a wand of paralysis (6)
 t - a wand of flame (16)
Scrolls
 b - a scroll of poison
 g - 2 scrolls of vulnerability
 i - 3 scrolls of teleportation
 j - a scroll of revelation
 p - 2 scrolls of blinking
 s - a scroll of summoning
 v - a scroll of immolation
Potions
 c - 3 potions of lignification
 d - 3 potions of degeneration {unknown}
 e - 3 potions of heal wounds
 h - 3 potions of curing
 k - 4 potions of attraction {unknown}
 l - a potion of cancellation {unknown}
 n - a potion of enlightenment {unknown}
 o - a potion of might {unknown}
 q - a potion of mutation {unknown}
 r - a potion of magic {unknown}


   Skills:
 + Level 5.2 Fighting
 * Level 12.4 Ranged Weapons
 + Level 4.6 Dodging
 - Level 6.0 Stealth


You had 9 spell levels left.
You didn't know any spells.
Your spell library contained the following spells:

 Spells                   Type           Power      Damage    Failure   Level
 Magic Dart               Conj           0%         1d3       24%         1
 Blink                    Tloc           0%         N/A       34%         2
 Call Imp                 Summ           0%         N/A       34%         2
 Lesser Beckoning         Tloc           0%         N/A       34%         2
 Momentum Strike          Conj/Tloc      0%         3d8       34%         2
 Searing Ray              Conj           0%         2d4       34%         2
 Sublimation of Blood     Necr           0%         N/A       34%         2
 Volatile Blastmotes      Fire/Tloc      0%         2d10      56%         3
 Fulminant Prism          Conj/Alch      0%         3d5       93%         4
 Iskenderun's Mystic Bla Conj/Tloc 0%             2d3        (+2d1     93%         4
 Summon Hydra             Summ           0%         N/A       100%        7


Dungeon Overview and Level Annotations

Branches:
Dungeon (9/15)             Temple (1/1) D:6          Bailey (visited)
   Lair: D:8-11         Orc: D:9-12

Altars:
Ashenzari
Cheibriados
Elyvilon
Fedhas
Gozag
Hepliaklqana
Kikubaaqudgha
Makhleb
Nemelex Xobeh
Okawaru
Qazlal
Ru
Sif Muna
Trog
Uskayaw
Vehumet
Wu Jian
Xom
Yredelemnul
Zin
The Shining One

Shops:
D:5 *


Innate Abilities, Weirdness & Mutations

You cannot wear most types of armour.
You are amphibious.
You can wear up to eight rings at the same time.
Your skin changes colour to match your surroundings (Stealth+).
Your rubbery body absorbs attacks. (AC +1, EV +1)
((You are camouflaged when in or above water. (Stealth+)))
You have tentacles for arms and can constrict up to eight enemies at once.


Message History

The queen bee is severely wounded.
You hear an angry buzzing noise. x6
Fire: a) +1 shortbow (flame)
Press: ? - help, Shift-Dir - straight line, f/p - queen bee
Aim: a queen bee (severely wounded, 71% to hit)
You shoot an arrow. The arrow closely misses the queen bee.
Fire: a) +1 shortbow (flame)
Press: ? - help, Shift-Dir - straight line, f/p - queen bee
Aim: a queen bee (severely wounded, 71% to hit)
You shoot an arrow. The arrow hits the queen bee.
The arrow burns the queen bee.
The queen bee is severely wounded.
Fire: a) +1 shortbow (flame)
Press: ? - help, Shift-Dir - straight line, f/p - queen bee
Aim: a queen bee (severely wounded, 71% to hit)
You shoot an arrow. The arrow barely misses the queen bee.
A killer bee comes into view.
The queen bee stings you.
* * * LOW HITPOINT WARNING * * *
Fire: a) +1 shortbow (flame)
Press: ? - help, Shift-Dir - straight line, f/p - queen bee
Aim: a queen bee (severely wounded, 71% to hit)
You shoot an arrow.
The arrow completely misses the queen bee.
A killer bee comes into view.
The killer bee closely misses you. The queen bee misses you.
As you read the scroll of teleportation, it crumbles to dust.
You feel strangely unstable. The killer bee barely misses you.
The killer bee completely misses you.
The queen bee calls on the killer bee to defend it!
The killer bee goes berserk!
You shoot an arrow.
The arrow hits the queen bee but does no damage.
The queen bee is severely wounded.
The killer bee stings you!
* * * LOW HITPOINT WARNING * * *
You are lethally poisoned!
The killer bee poisons you! The killer bee stings you!
You die...
Your body crumbles into a pile of gold.

######## ..
#......#
...#.##.#####
............#
........###.#
.#.#.....y#.#
#...#..#y#.#
###.#..#@#.#
> ####y#)# #.
#$#.#
#..####$#.#
#.......#)#
#...##..#.#
#......<#.#
..#.#.#.#.# #
#y#$#.#


You could see a queen bee and 2 killer bees.

Vanquished Creatures
  Psyche (D:8)
  Sigmund (D:4)
  A steam dragon (D:7)
  3 water moccasins
  An ice beast (D:8)
  2 black bears (D:4)
  A sky beast (D:7)
  3 orc warriors
  2 centaurs (D:8)
  Blork the orc (D:4)
  2 bullfrogs (D:8)
  3 scorpions
  7 killer bees
  A howler monkey (D:6)
  6 hounds
  3 bombardier beetles (D:5)
  A gnoll bouda (D:5)
  2 orc priests
  3 jellies
  3 iguanas (D:5)
  8 orc wizards
  15 gnolls
  9 adders
  A shadow imp (D:5)
  3 white imps
  2 ufetubi (D:6)
  4 ribbon worms
  3 dart slugs
  25 orcs
  2 endoplasms
  3 goblins
  8 hobgoblins
  4 kobolds
  6 quokkas
  9 ball pythons
  6 bats
  2 frilled lizards (D:2)
  5 rats
162 creatures vanquished.

Vanquished Creatures (collateral kills)
  2 gnolls (D:4)
2 creatures vanquished.

Vanquished Creatures (others)
  An orc wizard (D:8)
1 creature vanquished.

Grand Total: 165 creatures vanquished

Notes
Turn   | Place    | Note
-------+----------+-------------------------------------------
     0 | D:1      | Bediveer the Octopode Hunter began the quest for the Orb.
     0 | D:1      | Reached XP level 1. HP: 14/14 MP: 1/1
   148 | D:1      | Reached XP level 2. HP: 19/19 MP: 2/2
   660 | D:2      | Reached XP level 3. HP: 25/25 MP: 3/3
   744 | D:2      | Reached skill level 5 in Ranged Weapons
   768 | D:2      | Reached XP level 4. HP: 25/30 MP: 4/4
  1100 | D:2      | Found an ornate altar of the Wu Jian Council.
  1696 | D:2      | Found a faded altar of an unknown god.
  1813 | D:2      | Reached XP level 5. HP: 36/36 MP: 5/5
  1867 | D:3      | Reached skill level 6 in Ranged Weapons
  2939 | D:3      | Identified the +0 pair of boots of Happiness {rElec rF+}
  3105 | D:4      | Reached XP level 6. HP: 10/42 MP: 6/6
  3276 | D:4      | Reached skill level 7 in Ranged Weapons
  3279 | D:4      | Noticed Blork the orc
  3293 | D:4      | Killed Blork the orc
  3414 | D:4      | Found a hide-covered altar of Uskayaw.
  3432 | D:4      | Noticed a black bear
  3445 | D:4      | Killed a black bear
  3446 | D:4      | Reached XP level 7. HP: 46/46 MP: 7/7
  3508 | D:4      | Noticed Sigmund
  3518 | D:4      | Found a stormy altar of Qazlal.
  3567 | D:4      | Killed Sigmund
  3568 | D:4      | Reached skill level 8 in Ranged Weapons
  4103 | D:5      | Entered Level 5 of the Dungeon
  4572 | D:5      | Reached XP level 8. HP: 25/52 MP: 8/8
  4677 | D:5      | You fall into a shaft and drop 2 floors!
  4687 | D:7      | Reached skill level 9 in Ranged Weapons
  4929 | D:6      | Reached skill level 5 in Stealth
  5078 | D:6      | Found a staircase to the Ecumenical Temple.
  5087 | Temple   | Entered the Ecumenical Temple
  5106 | Temple   | Became a worshipper of Gozag Ym Sagoz the Greedy
  5267 | D:6      | Found a snail-covered altar of Cheibriados.
  5268 | D:6      | Found an iron altar of Okawaru.
  5679 | D:5      | Identified the +5 plate armour of the Enfolding Gods {rN+}
  5683 | D:5      | Reached skill level 10 in Ranged Weapons
  5691 | D:5      | Found Mythruila's Elemental Accessories.
  6131 | D:6      | Found a sparkling altar of Nemelex Xobeh.
  6451 | D:6      | Reached XP level 9. HP: 54/56 MP: 9/9
  6784 | D:7      | Reached skill level 11 in Ranged Weapons
  8116 | D:8      | Noticed Psyche
  8798 | D:8      | Killed Psyche
  8799 | D:8      | Reached skill level 12 in Ranged Weapons
  9191 | D:8      | Reached skill level 5 in Fighting
  9295 | D:9      | Found a flagged portal.
  9303 | Bailey   | Entered a bailey
  9319 | Bailey   | HP: 3/61 [spriggan/+0 trident (12)]
  9609 | D:9      | Reached XP level 10. HP: 20/66 MP: 10/10
  9871 | D:9      | HP: 3/66 [killer bee (10)]
  9871 | D:9      | Mangled by a killer bee

Illustrated notes

Levels and vault maps discovered:
D:1:      sevenhm_arrival_forest_fort_small_5, layout_basic
D:2:      layout_basic, basic_altar, hellmonk_ecumenical_altar_heavens_door,
          corexii_corridor_pit
D:3:      layout_basic
D:4:      layout_loops_ring, mainiacjoe_overflow_cross_hatched,
          grunt_qazlal_clouds, uniq_blork_the_orc, uniq_sigmund
D:5:      layout_rooms, nicolae_elemental_shop, hangedman_decor_points,
          hangedman_abyss_or_decor_lesser_grid, minmay_joined_circles
D:6:      layout_basic, grunt_temple_overflow_open,
          minmay_temple_entry_stoned_glass
D:7:      layout_loops_ring
D:8:      layout_basic, uniq_psyche
D:9:      layout_basic, special_room [special_room_bee], enter_bailey_2,
          kb_lookout_dungeons_type, minmay_statue_crystal_thing, uniq_gastronok
Temple:   nicolae_temple_slightly_damp_pantheon

Skill      XL: |  1  2  3  4  5  6  7  8  9 |
---------------+----------------------------+-----
Ranged Weapons | 5 6 7 8 10 12 | 12.4
Fighting       | 3 5 |  5.2
Stealth        | 4 6 |  6.0
Dodging        | 4 |  4.6

Action                     |  1- 3 |  4- 6 |  7- 9 | 10-12 || total
---------------------------+-------+-------+-------+-------++-------
  Melee: Unarmed           |       |       |     2 |       ||     2
   Fire: Shortbow          |    77 |   180 |   461 |    36 ||   754
    Use: Scroll            |     4 |     7 |     8 |     1 ||    20
         Potion            |       |     1 |     6 |     1 ||     8
 Armour: Skin              |    17 |    37 |   121 |    13 ||   188
  Dodge: Dodged            |    21 |    51 |   128 |    26 ||   226

Table legend: (Time is in decaauts)
 A = Elapsed time spent in this place.
 B = Non-inter-level travel time spent in this place.
 C = Inter-level travel time spent in this place.
 D = Time resting spent in this place.
 E = Time spent auto-exploring this place.
 F = Levels seen in this place.
 G = Mean time per level.
                   A        B        C        D        E       F      G
               +--------+--------+--------+--------+--------+-----+--------+
         Total |   9803 |   9436 |    367 |    899 |   7257 |  11 |  891.2 |
       Dungeon |   9749 |   9420 |    329 |    899 |   7257 |   9 | 1083.2 |
        Temple |     38 |      1 |     37 |      0 |      0 |   1 |   38.0 |
        Bailey |     14 |     14 |      0 |      0 |      0 |   1 |   14.0 |
               +--------+--------+--------+--------+--------+-----+--------+

Top non-repeatable levels by time:
     D:4: 1490 daAuts
     D:7: 1409 daAuts
     D:8: 1249 daAuts
     D:2: 1199 daAuts
     D:6: 1188 daAuts
     D:3: 1117 daAuts
     D:5: 879 daAuts
     D:1: 666 daAuts
     D:9: 548 daAuts
  Temple: 38 daAuts
  Bailey: 14 daAuts
